stoopid, chaotic female elven Priestess --------- |.......| |.......| ------------ |.......| |....).....-) #.......<.############ |.(..\.....|# #---------# -.--- ------- --- # # .....# # #|...|# # ##.....# # # ------- ##|.|.|###############` )## |.....| ####-----### # # |.....| # ########## |.....| # # |....(| # ###|.....| --------### #......| |$..@)G|## ------- ........x# |F.....| -------- stoopid the Aspirant Experience level: 2 Strength: 15 Dexterity: 7 Constitution: 14 Intelligence: 11 Wisdom: 20 Charisma: 9 Health: 0(18) Energy: 19(19) Def: 5 Gold: 419 Moves: 1420 Dungeon seed: 2QebAFOkEJxB6Kp_ Game ID: stoopid_1509843887 Your Inventory: Coins $ - 419 gold pieces Weapons a - a blessed +1 mace (weapon in hand) p - an uncursed +0 war hammer Armor e - an uncursed +0 robe (being worn) n - an uncursed +0 small shield (being worn) q - an uncursed +1 pair of jumping boots (being worn) Scrolls l - an uncursed scroll of enchant weapon o - an uncursed scroll of create monster s - an uncursed scroll of fire u - an uncursed scroll of light v - an uncursed scroll of remove curse Spellbooks f - a blessed spellbook of clairvoyance g - a blessed spellbook of cure sickness Potions b - 4 potions of holy water j - a blessed potion of gain ability t - an uncursed potion of booze Wands m - an uncursed wand of magic missile (0:4) Tools h - an uncursed oil lamp (0:1474) i - an uncursed tooled horn Spells and supernatural/magical abilities: Spells marked with '*' are forgotten. Spells marked with '!' are maintained. Spells marked with '#' are aliased with 'castalias'. Name Level Category Fail Memory W - pray for help -- divine ? -- X - turn undead -- divine ? -- Y - supernatural jump -- ability ? -- Your skills at the end: Fighting Skills wands [Basic] Weapon Skills mace [Basic] Spellcasting Skills clerical spells [Basic] Final Attributes: You were piously aligned. You saw invisible. You had infravision. You could jump. You were lucky. You are dead. Vanquished creatures: 2 coyotes 2 giant rats a yellow mold 4 jackals 3 foxes 2 kobolds a goblin a sewer rat 6 grid bugs 2 lichens a kobold zombie 3 newts 28 creatures vanquished. Voluntary challenges: You used a wielded weapon 23 times, starting on turn 28. You were illiterate. You never genocided any monsters. You never polymorphed an object. You never changed form. You used no wishes. You never split a pudding. You never wrote Elbereth's name. You never violated your personal moral code. Dungeon overview: The Dungeons of Doom: levels 1 to 5 Level 1 a fountain a long staircase Level 2 Level 3 Level 4 a long staircase Level 5 <- You were here a throne History has recorded: On T:1 you entered the Dungeons of Doom to retrieve the Amulet of Yendor! On T:63 you reached level 2 of The Dungeons of Doom. On T:500 you reached level 3 of The Dungeons of Doom. On T:862 you reached level 4 of The Dungeons of Doom. On T:1191 you reached level 5 of The Dungeons of Doom. On T:1199 you advanced to experience level 2. Score breakdown: Gold: 419 ( 8923 points) Experience: 2 levels ( 5570 points) Exploration: 5 levels ( 10.20%) ( 8660 points) Discoveries: 1 item ( 0.35%) ( 1764 points) Valuables value: (no points given unless you survive) Artifact value: 0 ( 0 points) Variety of kills: 12 monsters ( 3.16%) ( 5331 points) Turncount: 1420 turns ( 0 points) Survival: died (score multiplied by 80%) Total score: 24198 Latest messages: You are almost hit by the 3rd dart. The gnome king picks up an uncursed dart from the floor. The gnome king throws a dart! You are almost hit by a dart. You try to move the boulder, but in vain. You are beginning to feel hungry. The grid bug bites! You miss the grid bug. The grid bug misses. You miss the grid bug. The grid bug bites! You miss the grid bug. The grid bug bites! You kill the grid bug! The gnome king hits! You miss the gnome king. The gnome king hits! An arrow shoots out at you! You are almost hit by an arrow. The gnome king throws a dart! You are hit by a dart. You die... Final status: Goodbye stoopid the Priestess, killed by a dart... You died in The Dungeons of Doom on dungeon level 5 with 24198 points, and 419 pieces of gold, after 1420 moves. You were level 2 with a maximum of 18 hit points when you died.